 Dungeon Crawl Stone Soup version 0.18.1-50-g88ac8fd (webtiles) character file.

4274 taynancid the Basher (level 10, -2/91 HPs)
             Began as a Minotaur Berserker on Apr 22, 2017.
             Was a High Priest of Trog.
             Slain by a killer bee (4 damage)
             ... on level 8 of the Dungeon.
             The game lasted 00:26:24 (7994 turns).

taynancid the Basher (Minotaur Berserker)           Turns: 7994, Time: 00:26:25

Health: -2/91      AC: 14    Str: 24    XL:     10   Next: 10%
Magic:  9/9        EV:  9    Int:  4    God:    Trog [*****.]
Gold:   234        SH:  0    Dex: 11    Spells: 0 memorised, 9 levels left

rFire  + . .     SeeInvis .     z - +3 quarterstaff (chaos)
rCold  . . .     Gourm    +     E - +0 chain mail
rNeg   . . .     Faith    .     (shield currently unavailable)
rPois  .         Spirit   .     (helmet restricted)
rElec  .         Dismiss  .     f - +0 cloak
rCorr  .         Reflect  .     F - +0 pair of gloves
SustAt .         Harm     .     (no boots)
MR     .....                    g - amulet of the gourmand
Stlth  ..........               (no ring)
                                H - ring of protection from fire

@: lethally poisoned (-2 -> -27), exhausted, about to teleport, slowed, very
slow, not resistant to hostile enchantments, extremely unstealthy
A: retaliatory headbutt, horns 2
a: Berserk, Trog's Hand, Brothers in Arms, Burn Spellbooks, Renounce Religion


You were on level 8 of the Dungeon.
You worshipped Trog.
Trog was extremely pleased with you.
You were very full.

You visited 1 branch of the dungeon, and saw 8 of its levels.
You also visited: Sewer.

You collected 299 gold pieces.
You spent 65 gold pieces at shops.

Inventory:

Hand Weapons
 a - a +0 mace
 s - a +3 flail of draining
 z - a +3 quarterstaff of chaos (weapon)
Armour
 b - a +0 animal skin
 f - a +0 cloak (worn)
 j - a +0 ring mail
 E - a +0 chain mail (worn)
 F - a +0 pair of gloves (worn)
Jewellery
 g - an amulet of the gourmand (around neck)
 H - a ring of protection from fire (left hand)
 L - an uncursed ring of sustain attributes {unknown}
Wands
 l - a wand of flame (25/48)
 p - a wand of disintegration (14/24)
 K - a wand of acid (3/15)
 M - a wand of lightning (7/15)
Scrolls
 d - 5 scrolls of remove curse {unknown}
 e - 2 scrolls of fog
 x - a scroll of enchant armour {unknown}
 y - 4 scrolls of teleportation
 A - a scroll of blinking {unknown}
 B - 2 scrolls of fear {unknown}
 D - a scroll of enchant weapon
 I - 2 scrolls of noise {unknown}
 O - a scroll of magic mapping {unknown}
Potions
 h - a potion of flight {unknown}
 k - a potion of berserk rage {unknown}
 m - a potion of brilliance {unknown}
 o - 4 potions of curing
 q - 2 potions of haste {unknown}
 r - 2 potions of degeneration {unknown}
 t - 2 potions of ambrosia {unknown}
 v - 2 potions of agility {unknown}
 w - a potion of invisibility {unknown}
 C - a potion of heal wounds
 G - a potion of lignification {unknown}
Comestibles
 c - 2 bread rations
 i - 2 meat rations
 n - a slice of pizza
 u - 2 fruits
 J - 2 beef jerkies
 N - 4 chunks of flesh


   Skills:
 + Level 9.2 Fighting
 - Level 9.9(11.0) Maces & Flails
 * Level 8.0(10.1) Staves
 + Level 9.6 Armour
 - Level 2.1 Dodging


You had 9 spell levels left.
You didn't know any spells.

Dungeon Overview and Level Annotations

Branches:
Dungeon (8/15)             Temple (0/1) D:6            Lair (0/8) D:8

Altars:
Gozag
Trog

Shops:
D:6 !   D:7 (


Innate Abilities, Weirdness & Mutations

You reflexively headbutt those who attack you in melee.
You have a pair of horns on your head.


Message History

* * * LOW HITPOINT WARNING * * *
You feel very sick. The killer bee barely misses you. You furiously retaliate!
You headbutt the killer bee. The killer bee stings you.
* * * LOW HITPOINT WARNING * * *
The killer bee stings you but does no damage.
The killer bee stings you.
* * * LOW HITPOINT WARNING * * *
You are more poisoned.
The killer bee poisons you!
* * * LOW HITPOINT WARNING * * *
You feel very sick. The killer bee barely misses you.
The killer bee misses you. You furiously retaliate!
You headbutt the killer bee!
You kill the killer bee!
Trog accepts your kill.
Your base Staves skill increases to level 8!
The killer bee stings you but does no damage.
The killer bee stings you.
You die...

....##...## ..##
##...## . ## #....##
.. ##....## ...
##....# .... #....##
.... ###..).#..#
##########.....)..#
####....yy.@..#####..#
#..†y†....yy.%# #.#
#.......####..y..# ...
...%..#.# ###...# ...
###...##y #..## .....
#..# # ##.# .... #..
..# .... ##. #.# #..


You could see a queen bee and 5 killer bees.

Vanquished Creatures
  The ghost of taynancid the Cudgeler, a novice HuBe of Trog (D:5)
  Prince Ribbit (D:7)
  2 wargs (D:8)
  A water moccasin (D:6)
  3 orc warriors
  4 sky beasts
  A phantom (D:6)
  A black bear (D:6)
  An ice beast (D:5)
  5 ogres
  The ghost of PingusMagoo the Cudgeler, an amateur MiGl (Sewer)
  2 centaurs
  3 giant frogs
  Blork the orc (D:5)
  2 scorpions
  7 killer bees (D:8)
  An oklob sapling (D:6)
  2 wights (D:8)
  A howler monkey (D:6)
  4 crimson imps
  5 orc wizards
  2 hounds
  Crazy Yiuf (D:5)
  4 orc priests
  Ijyb (D:2)
  Natasha (D:3)
  3 iguanas
  4 worker ants
  A worker ant zombie (D:7)
  A howler monkey skeleton (D:6)
  A howler monkey zombie (D:8)
  14 adders
  2 shadow imps (D:7)
  An ooze (D:1)
  2 adder skeletons
  6 worms
  A dart slug (D:2)
  14 giant geckos
  21 orcs
  8 bats
  9 giant cockroaches
  4 goblins
  2 hobgoblins
  13 jackals
  8 kobolds
  3 quokkas
  6 ball pythons
  2 giant gecko skeletons
  9 giant newts
  2 rats (D:1)
  3 plants
198 creatures vanquished.

Vanquished Creatures (others)
  A giant frog skeleton (D:7)
1 creature vanquished.

Grand Total: 199 creatures vanquished

Notes
Turn   | Place    | Note
--------------------------------------------------------------
     0 | D:1      | taynancid the Minotaur Berserker began the quest for the Orb.
     0 | D:1      | Reached XP level 1. HP: 19/19 MP: 0/0
    79 | D:1      | Reached XP level 2. HP: 27/27 MP: 1/1
   331 | D:1      | Reached XP level 3. HP: 33/33 MP: 2/2
   930 | D:2      | Reached ** piety under Trog
   955 | D:2      | Reached skill level 5 in Maces & Flails
  1114 | D:2      | Reached XP level 4. HP: 34/41 MP: 3/3
  1169 | D:2      | Found an opulent altar of Gozag.
  1266 | D:2      | Noticed Ijyb
  1274 | D:2      | Killed Ijyb
  2040 | D:3      | Reached XP level 5. HP: 46/47 MP: 4/4
  2135 | D:3      | Reached *** piety under Trog
  2226 | D:3      | Noticed Natasha
  2231 | D:3      | Killed Natasha
  2401 | D:4      | Reached skill level 5 in Fighting
  2537 | D:4      | Reached XP level 6. HP: 56/56 MP: 5/5
  3083 | D:5      | Entered Level 5 of the Dungeon
  3139 | D:5      | Noticed a sky beast
  3144 | D:5      | Killed a sky beast
  3325 | D:5      | Found a bloodstained altar of Trog.
  3332 | D:5      | Reached XP level 7. HP: 22/61 MP: 6/6
  3369 | D:5      | Reached skill level 5 in Armour
  3741 | D:5      | Found a glowing drain.
  3761 | Sewer    | Entered a sewer
  3982 | Sewer    | Noticed PingusMagoo's ghost (amateur MiGl)
  3992 | Sewer    | Killed PingusMagoo's ghost
  4455 | D:5      | Noticed taynancid's ghost (novice HuBe)
  4475 | D:5      | Killed taynancid's ghost
  4475 | D:5      | Reached XP level 8. HP: 16/71 MP: 7/7
  5239 | D:5      | Noticed Blork the orc
  5243 | D:5      | Killed Blork the orc
  5472 | D:5      | Noticed Crazy Yiuf
  5477 | D:5      | Killed Crazy Yiuf
  5514 | D:6      | Found Wuppiciv's Distillery.
  5535 | D:6      | Bought a potion of heal wounds for 65 gold pieces
  5623 | D:6      | Reached **** piety under Trog
  5623 | D:6      | Reached skill level 1 in Staves
  5700 | D:6      | Found a staircase to the Ecumenical Temple.
  5786 | D:6      | Reached XP level 9. HP: 81/81 MP: 8/8
  6802 | D:7      | Noticed Prince Ribbit
  6819 | D:7      | Killed Prince Ribbit
  7105 | D:7      | Reached skill level 5 in Staves
  7168 | D:7      | Found Koawnith's Antique Weapon Shop.
  7658 | D:8      | Found a staircase to the Lair.
  7681 | D:8      | Reached ***** piety under Trog
  7912 | D:8      | Reached XP level 10. HP: 91/91 MP: 9/9
  7994 | D:8      | HP: 2/91 [poisoned by a killer bee]
  7994 | D:8      | Slain by a killer bee

Skill      XL: |  1  2  3  4  5  6  7  8  9 10 |
---------------+-------------------------------+-----
Maces & Flails | 4 5 6 7 8 9 |  9.9
Fighting       | 4 5 6 7 9 |  9.2
Armour         | 3 4 6 7 9 |  9.6
Staves         | 2 7 8 |  8.0
Dodging        | |  2.1

Action                   |  1- 3 |  4- 6 |  7- 9 | 10-12 || total
-------------------------+-------+-------+-------+-------++-------
Melee: Mace              |    65 |    62 |       |       ||   127
       Headbutt          |     8 |    17 |    72 |     6 ||   103
       Flail             |       |    54 |   130 |       ||   184
       Quarterstaff      |       |       |   212 |    22 ||   234
Invok: Berserk           |       |       |     3 |     1 ||     4
  Use: Scroll            |       |     5 |     4 |     1 ||    10
 Stab: Petrifying        |       |       |     1 |       ||     1
  Eat: Chunk             |     1 |    13 |    17 |       ||    31
       Meat ration       |       |     1 |       |       ||     1
Armor: Animal skin       |     3 |       |       |       ||     3
       Ring mail         |    12 |    35 |    45 |       ||    92
       Chain mail        |       |       |   103 |    40 ||   143
Dodge: Dodged            |    46 |    52 |   160 |    32 ||   290
